 Dungeon Crawl Stone Soup version 0.26.1-11-gd32895ea62 (webtiles) character file.

Game seed: 17027044275165552081

76 Zeld the Poker (level 4, -7/31 HPs)
             Began as an Octopode Monk on May 17, 2021.
             Killed from afar by Sigmund (9 damage)
             ... with a magic dart
             ... on level 2 of the Dungeon.
             The game lasted 00:03:59 (1951 turns).

Zeld the Poker (Octopode Monk)                      Turns: 1951, Time: 00:04:00

Health: -7/31      AC:  1    Str: 11    XL:     4   Next: 32%
Magic:  4/4        EV: 14    Int: 12    God:
Gold:   67         SH:  0    Dex: 14    Spells: 3/3 levels left

rFire    . . .     SeeInvis .   a - +0 spear
rCold    . . .     Faith    .   (no shield)
rNeg     . . .     Spirit   .   (helmet restricted)
rPois    .         Reflect  .   (no amulet)
rElec    .         Harm     .   (no ring)
rCorr    .         Rampage  .   (no ring)
Will     .....                  (no ring)
Stlth    +++.......             (no ring)
HPRegen  0.10/turn              (no ring)
MPRegen  0.09/turn              (no ring)
                                (no ring)
                                (no ring)

@: no status effects
A: almost no armour, stealthy swim, amphibious, 8 rings, constrict 8, camouflage
1, gelatinous body 1
a: no special abilities


You were on level 2 of the Dungeon.
You visited 1 branch of the dungeon, and saw 2 of its levels.

You collected 67 gold pieces.

Inventory:

Hand Weapons
 a - a +0 spear (weapon)
Missiles
 b - 6 poisoned darts (quivered)
Jewellery
 h - a cursed ring of ice {unknown}
Wands
 c - a wand of flame (19)
Scrolls
 d - a scroll of identify {unknown}
 f - a scroll of teleportation {unknown}
 g - 2 scrolls of remove curse {unknown}
Potions
 e - a potion of lignification {unknown}
 i - a potion of haste {unknown}
 j - a potion of degeneration {unknown}


   Skills:
 - Level 3.0 Fighting
 * Level 4.1 Polearms
 * Level 2.5 Throwing
 - Level 3.0 Dodging
 - Level 2.6 Stealth


You had 3 spell levels left.
You didn't know any spells.
Your spell library contained the following spells:

 Spells                   Type           Power        Failure   Level
 Confusing Touch          Hex            0%           69%         3
 Gell's Gravitas          Tloc           0%           69%         3
 Petrify                  Tmut/Erth      0%           97%         4
 Metabolic Englaciation   Hex/Ice        0%           100%        5
 Yara's Violent Unravell  Hex/Tmut       0%           100%        5


Dungeon Overview and Level Annotations

Branches:
Dungeon (2/15)

Altars:

Annotations:
D:2 Sigmund


Innate Abilities, Weirdness & Mutations

You cannot wear most types of armour.
You are very stealthy in the water. (Stealth+)
You are amphibious.
You can wear up to eight rings at the same time.
You can use your tentacles to constrict eight enemies at once.
Your skin changes colour to match your surroundings (Stealth+).
Your rubbery body absorbs attacks. (AC +1, EV +1)


Message History

You hit Sigmund but do no damage.
Sigmund hits you from afar with a +0 scythe!
You reach to attack!
You closely miss Sigmund.
You reach to attack!
You closely miss Sigmund. Sigmund closely misses you.
You reach to attack!
You hit Sigmund.
Sigmund is lightly wounded.
You reach to attack!
You closely miss Sigmund.
Sigmund is lightly wounded.
Sigmund hits you from afar with a +0 scythe!
You reach to attack!
You barely miss Sigmund.
Sigmund is lightly wounded.
Sigmund hits you from afar with a +0 scythe!
* * * LOW HITPOINT WARNING * * *
You are too injured to fight recklessly!
You are too injured to fight recklessly!
Okay, then.
Okay, then.
Sigmund casts a spell at you. The magic dart hits you!
You die...

#.#.# .# #.......##.
#.#.##.# #.##.##....
#....#.# #.##....###
#.)....# #.#....(#
##.@.### #.......# #...#
###.#..## #
######...###### #.#.(# #
##.............###.#((####
.........@.........#..(..(
##.............######)####
######...#.#### #.# #
##......# #.# # #..)###.##
#.# #.#..#)..## #(#
#.##)(.#..# #(####
#.#..†##..# #(....
#####...#..#..# #####.


You could see Sigmund.

Vanquished Creatures
  2 adders (D:2)
  A dart slug (D:1)
  A leopard gecko (D:2)
  7 bats
  A giant cockroach (D:2)
  10 hobgoblins
  3 jackals (D:1)
  3 frilled lizards
  14 goblins
  4 kobolds
  5 rats
51 creatures vanquished.

Notes
Turn   | Place    | Note
-------+----------+-------------------------------------------
     0 | D:1      | Zeld the Octopode Monk began the quest for the Orb.
     0 | D:1      | Reached XP level 1. HP: 16/16 MP: 1/1
   299 | D:1      | Reached skill level 1 in Throwing
   299 | D:1      | Reached XP level 2. HP: 18/21 MP: 2/2
   583 | D:1      | Reached XP level 3. HP: 26/26 MP: 3/3
  1281 | D:2      | Found a faded altar of an unknown god.
  1427 | D:2      | Reached XP level 4. HP: 31/31 MP: 4/4
  1429 | D:2      | Noticed Sigmund
  1431 | D:2      | Reached skill level 4 in Polearms
  1951 | D:2      | Killed from afar by Sigmund

Illustrated notes

Levels and vault maps discovered:
D:1:      sevenhm_arrival_forest_fort_large_2, layout_loops_ring
D:2:      layout_loops_cross, chequers_ecumenical_altar_simple_redux,
          minmay_tetromino_t4, uniq_sigmund

Skill      XL: |  1  2  3  4 |
---------------+-------------+-----
Throwing       | 1 2 |  2.5
Polearms       | 4 |  4.1
Fighting       | |  3.0
Dodging        | |  3.0
Stealth        | |  2.6

Action                   |  1- 3 |  4- 6 || total
-------------------------+-------+-------++-------
Melee: Spear             |    89 |    39 ||   128
       Constrict         |    24 |     5 ||    29
       Tentacles         |    11 |     3 ||    14
Throw: Stone             |    16 |       ||    16
 Stab: Distracted        |     2 |       ||     2
       Sleeping          |     5 |     2 ||     7
Armor: Skin              |     6 |     4 ||    10
Dodge: Dodged            |    27 |    32 ||    59
